 Dungeon Crawl Stone Soup version 0.27.1-34-g3ba077fa99 (webtiles) character file.

Game seed: 3893687250897460892

9655 squill the Cleaver (level 11, -2/85 HPs)
             Began as a Hill Orc Conjurer on Jan 12, 2022.
             Was a High Priest of Hepliaklqana.
             Slain by a cyan ugly thing (11 damage)
             ... on level 9 of the Dungeon.
             The game lasted 00:36:51 (10937 turns).

squill the Cleaver (Hill Orc Conjurer)             Turns: 10937, Time: 00:36:52

Health: -2/85      AC: 10    Str: 11    XL:     11   Next: 49%
Magic:  16/19      EV: 10    Int: 21    God:    Hepliaklqana [*****.]
Gold:   499        SH:  0    Dex:  9    Spells: 11/21 levels left

rFire    + . .     SeeInvis .   H - +5 quarterstaff (chaos)
rCold    . . .     Faith    .   (shield currently unavailable)
rNeg     . . .     Spirit   .   C - +0 ring mail
rPois    +         Reflect  .   (no helmet)
rElec    .         Harm     .   I - +0 cloak
rCorr    .         Rampage  .   y - +0 pair of gloves
Will     .....                  k - +0 pair of boots
Stlth    +.........             c - amulet of magic regeneration
HPRegen  0.24/turn              v - ring of poison resistance
MPRegen  0.41/turn              m - ring of protection from fire

@: no status effects
A: reduced essence
a: Renounce Religion, Recall Ancestor, Ancestor Identity, Transference, Idealise


You were on level 9 of the Dungeon.
You worshipped Hepliaklqana.
Hepliaklqana was extremely pleased with you.
You visited 1 branch of the dungeon, and saw 9 of its levels.
You also visited: Sewer and Ossuary.

You collected 739 gold pieces.
You spent 240 gold pieces at shops.

Inventory:

Hand Weapons
 d - a +1 vorpal hand axe
 l - a +0 short sword of freezing
 n - a +0 war axe
 H - a +5 quarterstaff of chaos (weapon)
Armour
 k - a +0 pair of boots (worn)
 y - a +0 pair of gloves (worn)
 C - a +0 ring mail (worn)
 I - a +0 cloak (worn)
Jewellery
 c - an amulet of magic regeneration (around neck)
 f - a ring of positive energy
 g - a ring of see invisible
 m - a ring of protection from fire (right hand)
 s - a ring of wizardry
 t - a ring of willpower
 v - a ring of poison resistance (left hand)
Wands
 e - a wand of acid (23)
 B - a wand of iceblast (10)
 G - a wand of polymorph (11)
Scrolls
 i - a scroll of immolation
 j - 2 scrolls of identify
 o - a scroll of enchant weapon
 p - 3 scrolls of teleportation
 q - 2 scrolls of amnesia
 F - a scroll of torment {unknown}
 J - a scroll of fog {unknown}
 L - a scroll of silence {unknown}
 M - a scroll of fear {unknown}
 N - 2 scrolls of holy word
 O - a scroll of blinking
Potions
 a - 7 potions of haste
 b - a potion of lignification
 h - 4 potions of brilliance
 r - 3 potions of magic
 u - a potion of heal wounds
 w - 9 potions of curing
 x - 3 potions of flight
 z - 3 potions of might
 A - 2 potions of attraction
 D - 5 potions of mutation
 E - a potion of invisibility {unknown}
 K - a potion of cancellation
 P - a potion of ambrosia {unknown}


   Skills:
 + Level 8.8 Fighting
 + Level 9.4 Axes
 - Level 6.1 Armour
 - Level 1.5 Dodging
 - Level 1.5 Stealth
 + Level 5.8 Spellcasting
 + Level 8.5 Conjurations
 + Level 6.3 Hexes
 + Level 4.5 Evocations


You had 11 spell levels left.
You knew the following spells:

 Your Spells              Type           Power      Damage    Failure   Level
a - Magic Dart            Conj           100%       1d8       1%          1
b - Searing Ray           Conj           84%        3d6       1%          2
c - Dazzling Flash        Conj/Hex       74%        N/A       3%          3
d - Fulminant Prism       Conj/Hex       18%        3d11      10%         4

Your spell library contained the following spells:

 Spells                   Type           Power      Damage    Failure   Level
 Shock                    Conj/Air       96%        1d9       3%          1
 Freeze                   Ice            24%        1d5       22%         1
 Pain                     Necr           24%        1d5       22%         1
 Hailstorm                Conj/Ice       24%        3d7       34%         4
 Iskenderun's Mystic Bla  Conj/Tloc      24%        2d7       34%         4
 Frozen Ramparts          Ice            12%        1d3       54%         3
 Swiftness                Air            6%         N/A       54%         3
 Silence                  Hex/Air        9%         N/A       85%         5
 Summon Mana Viper        Hex/Summ       19%        N/A       85%         5
 Airstrike                Air            3%         N/A       91%         4
 Passage of Golubria      Tloc           N/A        N/A       91%         4
 Summon Ice Beast         Ice/Summ       6%         N/A       91%         4
 Agony                    Necr           6%         N/A       99%         5
 Excruciating Wounds      Necr           3%         N/A       99%         5
 Monstrous Menagerie      Summ           3%         N/A       100%        7
 Lehudib's Crystal Spear  Conj/Erth      12%        10d4      100%        8


Dungeon Overview and Level Annotations

Branches:
Dungeon (9/15)             Temple (0/1) D:6            Lair (0/6) D:8
  Sewer (visited)         Ossuary (visited)
    Orc: D:9-12

Altars:
Elyvilon
Gozag
Hepliaklqana
Qazlal
Uskayaw
Xom

Shops:
D:8 ?


Message History

Confirm with . or Enter, or press ? or * to list all spells.
Aiming: Searing Ray (safe; 1% risk of failure)
Press: ? - help, Shift-Dir - straight line, f - cyan ugly thing
Aim: a cyan ugly thing (lightly wounded, ally target, 82% to hit)
The searing ray hits the cyan ugly thing.
The cyan ugly thing is lightly wounded. (Press . to maintain the ray.)
The cyan ugly thing trunk-slaps you but does no damage.
The searing ray hits the cyan ugly thing!
The cyan ugly thing is moderately wounded.
The cyan ugly thing trunk-slaps you! The cyan ugly thing shocks you!
Eadburga completely misses the cyan ugly thing.
The searing ray hits the cyan ugly thing.
The cyan ugly thing is moderately wounded.
The cyan ugly thing closely misses you.
Eadburga hits the cyan ugly thing with a +0 dagger of draining.
Eadburga drains the cyan ugly thing.
The searing ray hits the cyan ugly thing!
The cyan ugly thing is severely wounded.
You finish channeling your searing ray.
The cyan ugly thing trunk-slaps you. The cyan ugly thing shocks you!
Eadburga hits the cyan ugly thing with a +0 dagger of draining.
Eadburga drains the cyan ugly thing.
You catch the helpless cyan ugly thing completely off-guard!
You hit the cyan ugly thing.
The cyan ugly thing goes berserk!
The cyan ugly thing is almost dead.
The cyan ugly thing trunk-slaps you! The cyan ugly thing shocks you!
Eadburga barely misses the cyan ugly thing.
The cyan ugly thing trunk-slaps you!
* * * LOW HITPOINT WARNING * * *
The cyan ugly thing shocks you!
* * * LOW HITPOINT WARNING * * *
Aiming: Corrosive Bolt
Press: ? - help, Shift-Dir - straight line, f/p - cyan ugly thing
Aim: a cyan ugly thing (almost dead, berserk, lightly drained, ally target, 74% to hit)
The bolt of acid hits the cyan ugly thing.
The cyan ugly thing is splashed with acid.
The cyan ugly thing is almost dead.
The cyan ugly thing trunk-slaps you!
You die...

#.......#. #.......#. #.#
## #......... #.# ⌠#
##........ #.# .'
#......## #.# .##
##......# #.# .⌠#
#.......# #.# ###u#
##.###### #.#####.@R# #.#
###........## #.#
#...###############.#
#.#.# #.......# #.#.#
#.####### #.#.## ##.##
#....## ##.#.##
#.###.#####.###.#########
#.# #......## ##.....(..#


You could see the friendly Eadburga the hexer and a cyan ugly thing (berserk,
drained, ally target).

Vanquished Creatures
  A centaur warrior (D:8)
  2 two-headed ogres (D:9)
  An ugly thing (D:8)
  The ghost of zeram the Cleaver, a novice HOFi (D:7)
  Maurice (D:8)
  A kobold demonologist (D:7)
  A troll (D:9)
  A shadow (D:5)
  A wraith (Ossuary)
  2 yaks (D:8)
  A wyvern (D:9)
  2 vampire mosquitoes (D:8)
  An acid dragon (D:8)
  A water moccasin (D:8)
  2 orc warriors
  An ice beast (D:7)
  A hornet zombie (D:5)
  3 black bears
  An ogre (D:5)
  9 kobold brigands
  A wyvern zombie (D:5)
  A bullfrog (D:7)
  2 scorpions
  Dowan (D:7)
  A water moccasin skeleton (D:7)
  10 wights (D:8)
  5 howler monkeys
  A bullfrog zombie (D:7)
  A hound (D:4)
  6 orc priests
  Crazy Yiuf (D:7)
  A gnoll shaman (D:4)
  3 iguanas
  4 orc wizards
  Terence (D:2)
  2 hound skeletons (D:4)
  2 mummies (Ossuary)
  4 gnolls
  8 adders
  An ufetubus (D:7)
  3 worms
  A dart slug (D:2)
  31 orcs
  18 ball pythons
  5 endoplasms
  2 giant cockroaches
  9 goblins
  A hobgoblin (D:2)
  2 jackals
  A quokka (D:5)
  6 bats
  2 frilled lizards
  2 hobgoblin zombies (Ossuary)
  9 kobolds
  4 kobold zombies (Ossuary)
  11 rats
197 creatures vanquished.

Vanquished Creatures (collateral kills)
  Sigmund (D:2)
  2 yaks (D:8)
  A steam dragon (D:8)
  Menkaure (D:6)
  2 acid dragons
  Duvessa (D:7)
  2 water moccasins
  An orc warrior (D:8)
  A necrophage (D:6)
  Blork the orc (D:6)
  2 bullfrogs (D:8)
  An elf zombie (Ossuary)
  2 wights (D:8)
  A howler monkey (D:4)
  A centaur zombie (D:9)
  A hound (D:6)
  5 orc wizards
  A killer bee zombie (D:6)
  A mummy (Ossuary)
  2 gnolls (D:4)
  3 adders
  A river rat (D:3)
  An ufetubus (D:6)
  An adder skeleton (D:4)
  A dart slug (D:4)
  8 orcs
  A bat (D:2)
  2 endoplasms
  A giant cockroach (D:3)
  A kobold (D:1)
  2 quokkas
  2 ball pythons
  2 goblin zombies (Ossuary)
  3 rats
59 creatures vanquished.

Vanquished Creatures (others)
  3 hexers
  17 fungi (D:4)
20 creatures vanquished.

Grand Total: 276 creatures vanquished

Notes
Turn   | Place    | Note
-------+----------+-------------------------------------------
     0 | D:1      | squill the Hill Orc Conjurer began the quest for the Orb.
     0 | D:1      | Reached XP level 1. HP: 14/14 MP: 3/3
    37 | D:1      | Found a faded altar of an unknown god.
    50 | D:1      | Became a worshipper of Hepliaklqana the Forgotten
    50 | D:1      | Reached * piety under Hepliaklqana
   488 | D:1      | Reached XP level 2. HP: 19/19 MP: 2/4
   525 | D:1      | Reached skill level 1 in Fighting
   887 | D:1      | Learned a level 2 spell: Searing Ray
  1079 | D:2      | Reached skill level 1 in Armour
  1209 | D:2      | Reached XP level 3. HP: 25/25 MP: 2/5
  1408 | D:2      | Noticed Terence
  1426 | D:2      | Killed Terence
  1427 | D:2      | Reached XP level 4. HP: 4/32 MP: 1/7
  1738 | D:2      | Reached skill level 1 in Axes
  1776 | D:2      | Reached ** piety under Hepliaklqana
  1777 | D:2      | Remembered your ancestor Eadburga as a hexer
  1807 | D:2      | Noticed Sigmund
  1816 | D:2      | Killed Sigmund
  1817 | D:2      | Reached skill level 2 in Axes
  1817 | D:2      | Reached XP level 5. HP: 27/39 MP: 4/8
  2728 | D:3      | Reached XP level 6. HP: 38/43 MP: 9/9
  2808 | D:3      | Reached skill level 3 in Axes
  2808 | D:3      | Reached skill level 5 in Conjurations
  3007 | D:3      | Found a hide-covered altar of Uskayaw.
  3180 | D:3      | Found a glowing drain.
  3190 | Sewer    | Entered a sewer
  3463 | Sewer    | Reached XP level 7. HP: 44/51 MP: 7/11
  4049 | D:4      | Reached skill level 4 in Axes
  4284 | D:4      | Reached *** piety under Hepliaklqana
  4868 | D:5      | Entered Level 5 of the Dungeon
  4989 | D:5      | Reached XP level 8. HP: 45/60 MP: 12/12
  5200 | D:5      | Noticed a shadow
  5209 | D:5      | Killed a shadow
  5210 | D:5      | Reached skill level 5 in Axes
  5301 | D:5      | Reached skill level 5 in Fighting
  5626 | D:5      | Reached skill level 5 in Armour
  5878 | D:6      | Reached skill level 6 in Axes
  5903 | D:6      | Reached XP level 9. HP: 67/67 MP: 11/15
  5960 | D:6      | Noticed Menkaure
  5965 | D:6      | Killed Menkaure
  6197 | D:6      | Found a stormy altar of Qazlal.
  6210 | D:6      | Reached **** piety under Hepliaklqana
  6246 | D:6      | Found an opulent altar of Gozag.
  6360 | D:6      | Noticed Blork the orc
  6368 | D:6      | Killed Blork the orc
  6400 | D:6      | Found a staircase to the Ecumenical Temple.
  6806 | D:7      | Noticed Duvessa
  6806 | D:7      | Noticed Dowan
  6813 | D:7      | Killed Duvessa
  6816 | D:7      | Killed Dowan
  6870 | D:7      | Found a runed translucent door.
  6871 | D:7      | Noticed Crazy Yiuf
  6878 | D:7      | Killed Crazy Yiuf
  7057 | D:7      | Found a shimmering altar of Xom.
  7164 | D:7      | Reached skill level 7 in Axes
  7393 | D:7      | Found a runed translucent gate.
  7393 | D:7      | Noticed zeram's ghost (novice HOFi)
  7395 | D:7      | Noticed a kobold demonologist
  7466 | D:7      | Found a runed translucent gate.
  7467 | D:7      | Found a runed translucent gate.
  7583 | D:7      | Learned a level 3 spell: Dazzling Flash
  7588 | D:7      | Learned a level 4 spell: Fulminant Prism
  7896 | D:7      | Noticed a sixfirhy
  7906 | D:7      | Reached skill level 1 in Hexes
  7910 | D:7      | Reached skill level 1 in Evocations
  7913 | D:7      | Killed zeram's ghost
  7917 | D:7      | Reached XP level 10. HP: 30/77 MP: 10/17
  7962 | D:7      | Killed a kobold demonologist
  7963 | D:7      | Reached skill level 5 in Spellcasting
  8321 | D:8      | Reached skill level 8 in Axes
  8369 | D:8      | Found a sand-covered staircase.
  8374 | Ossuary  | Entered an ossuary
  8914 | D:8      | Found a staircase to the Lair.
  9161 | D:8      | Found a white marble altar of Elyvilon.
  9359 | D:8      | Found Deutiw's Magic Scroll Boutique.
  9363 | D:8      | Bought a scroll of identify for 32 gold pieces
  9363 | D:8      | Bought a scroll of holy word for 120 gold pieces
  9375 | D:8      | Bought a scroll of identify for 32 gold pieces
  9375 | D:8      | Bought a scroll of immolation for 56 gold pieces
  9498 | D:8      | Reached ***** piety under Hepliaklqana
  9568 | D:8      | Noticed a centaur warrior
  9570 | D:8      | Reached skill level 5 in Hexes
  9575 | D:8      | Noticed Maurice
  9577 | D:8      | Killed a centaur warrior
  9578 | D:8      | Reached XP level 11. HP: 66/85 MP: 4/19
  9599 | D:8      | Killed Maurice
  9600 | D:8      | Reached skill level 9 in Axes
  9728 | D:8      | Noticed a green ugly thing
  9735 | D:8      | Killed a green ugly thing
 10305 | D:9      | Noticed a two-headed ogre
 10309 | D:9      | Killed a two-headed ogre
 10480 | D:9      | Noticed a two-headed ogre
 10487 | D:9      | Killed a two-headed ogre
 10930 | D:9      | Noticed a cyan ugly thing
 10937 | D:9      | Slain by a cyan ugly thing

Illustrated notes

Levels and vault maps discovered:
D:1:      dpeg_arrival_pond, layout_loops_ring, serial_forest,
          infiniplex_forest_clump_curved, infiniplex_forest_clump_C,
          infiniplex_forest_3_way, infiniplex_forest_lined_3,
          infiniplex_forest_clump_small, infiniplex_forest_corner_1,
          infiniplex_forest_straight_1, infiniplex_forest_clump_double,
          infiniplex_forest_clump_medium,
          hellmonk_ecumenical_altar_inner_sanctum,
          amcnicky_mini_rare_corridor_liquid, minmay_misc_feat_square,
          minmay_cut_off
D:2:      layout_basic, minmay_distorted, uniq_sigmund, uniq_terence
D:3:      layout_rooms, mainiacjoe_overflow_chevrons, serial_glass,
          glass_columns_a, glass_columns_b, item_on_display_a, feat_on_display,
          due_unseen_surprise, portal_sewer_entry_e, minmay_misc_feat_columns,
          minmay_misc_feat_four_crosses
D:4:      layout_rooms, serial_aquarium, aquarium_bridge_island_small
          [aquarium_subvault_small_open, aquarium_subvault_balcony,
          aquarium_subvault_bridge, aquarium_subvault_wall,
          aquarium_subvault_wall], aquarium_bridge_straight
          [aquarium_subvault_bridge, aquarium_subvault_balcony,
          aquarium_subvault_bridge, aquarium_subvault_window],
          aquarium_window_2, aquarium_window_fake, aquarium_view_2d,
          aquarium_pool_S
D:5:      layout_loops_ring
D:6:      layout_cave_pools, grunt_gozag_breadcrumbs,
          nicolae_overflow_crystal_walls, minmay_temple_entry_hall,
          lightli_orcish_oven, uniq_blork_the_orc, uniq_menkaure
D:7:      layout_loops_ring, amcnicky_altar_gilded,
          gammafunk_ghost_nasty_kobolds, hangedman_abyss_or_decor_lesser_grid,
          uniq_crazy_yiuf_cottage, uniq_duvessa
D:8:      layout_basic, elyvilon_altar_1, lair_entry_dummy, enter_ossuary_5,
          serial_shops, nicolae_shop_behind_doors, minmay_pinched_square,
          uniq_maurice
D:9:      layout_loops_ring, amethyst_overflow_temple_binary

Skill      XL: |  1  2  3  4  5  6  7  8  9 10 11 |
---------------+----------------------------------+-----
Fighting       | 1 2 3 4 5 7 8 |  8.8
Armour         | 1 2 3 4 5 6 |  6.1
Spellcasting   | 2 3 4 5 |  5.8
Axes           | 2 3 4 6 7 8 9 |  9.4
Conjurations   | 5 6 7 8 |  8.5
Hexes          | 2 5 6 |  6.3
Evocations     | 1 3 4 |  4.5
Dodging        | |  1.5
Stealth        | |  1.5

Action                   |  1- 3 |  4- 6 |  7- 9 | 10-12 || total
-------------------------+-------+-------+-------+-------++-------
Melee: Club              |     4 |       |       |       ||     4
       Short sword       |    20 |       |       |       ||    20
       Unarmed           |     1 |       |       |       ||     1
       Hand axe          |     7 |    83 |   122 |       ||   212
       Quarterstaff      |       |       |    15 |    61 ||    76
 Cast: Magic Dart        |    27 |    21 |    11 |     4 ||    63
       Searing Ray       |     2 |    10 |    36 |    39 ||    87
Invok: Ancestor Life: He |       |     1 |       |       ||     1
       Recall Ancestor   |       |       |       |     1 ||     1
Evoke: Wand              |       |       |    14 |     6 ||    20
  Use: Scroll            |       |     2 |       |    17 ||    19
       Potion            |       |       |       |     2 ||     2
 Stab: Distracted        |     1 |       |     2 |     1 ||     4
       Confused          |       |       |     3 |     2 ||     5
Armor: Ring mail         |    14 |    26 |    71 |    57 ||   168
       Robe              |     1 |       |       |       ||     1
Dodge: Dodged            |    27 |    62 |    67 |    46 ||   202
